 Dungeon Crawl Stone Soup version 0.24.1-8-ga250c9d538 (webtiles) character file.

Game seed: 485574047739939685, levelgen mode: deterministic

391 Peloso the Skirmisher (level 6, 0/73 HPs)
             Began as a Demonspawn Fighter on May 8, 2020.
             Succumbed to Sigmund's poison
             ... on level 4 of the Dungeon.
             The game lasted 00:08:09 (3546 turns).

Peloso the Skirmisher (Demonspawn Fighter)          Turns: 3546, Time: 00:08:09

Health: 0/73       AC: 23    Str: 22    XL:     6   Next: 50%
Magic:  6/6        EV:  2    Int: 14    God:
Gold:   148        SH: 13    Dex: 14    Spells: 5/5 levels left

rFire    . . .     SeeInvis .   a - +0 long sword
rCold    . . .     Gourm    .   c - +0 shield
rNeg     + + +     Faith    .   (armour currently unavailable)
rPois    +         Spirit   .   (helmet currently unavailable)
rElec    .         Reflect  +   (cloak currently unavailable)
rCorr    .         Harm     .   (gloves currently unavailable)
MR       .....     NoTele   +   (boots currently unavailable)
Stlth    ++........             u - +3 amulet of reflection
HPRegen  0.22/turn              s - +3 ring of strength
MPRegen  0.10/turn              (no ring)

@: brilliant, lethally poisoned (0 -> -23), tree-form, hasted, very quick
A: thin skeletal structure 1, demonic guardian 1
a: no special abilities


You were on level 4 of the Dungeon.
You were not hungry.
You were a tree.
You visited 1 branch of the dungeon, and saw 4 of its levels.

You collected 148 gold pieces.

Inventory:

Hand Weapons
 a - a +0 long sword (weapon)
Armour
 b - a +0 scale mail
 c - a +0 shield (worn)
 j - a +0 pair of boots (melded)
 v - a +0 plate armour (melded)
Jewellery
 s - a +3 ring of strength (left branch)
 u - a +3 amulet of reflection (around neck)
Scrolls
 i - 2 scrolls of enchant armour {unknown}
 k - 3 scrolls of remove curse
 n - 2 scrolls of magic mapping {unknown}
 o - 2 scrolls of amnesia {unknown}
 p - a scroll of fog {unknown}
 q - a scroll of enchant weapon {unknown}
 r - 2 scrolls of teleportation
 t - a scroll of blinking
 w - a scroll of immolation {unknown}
Potions
 d - a potion of might
 h - a potion of mutation
 m - a potion of brilliance
Comestibles
 f - 11 rations


   Skills:
 + Level 4.3 Fighting
 + Level 3.3 Long Blades
 + Level 4.1 Armour
 + Level 0.1 Dodging
 + Level 0.2 Stealth
 + Level 4.1 Shields


You had 5 spell levels left.
You didn't know any spells.
Your spell library was empty.

Dungeon Overview and Level Annotations

Branches:
Dungeon (4/15)
 Temple: D:4-7

Altars:
Cheibriados
Hepliaklqana
Qazlal
Beogh

Annotations:
D:3 3 runed translucent doors, Peloso's ghost, amateur DsFi
D:4 Sigmund


Innate Abilities, Weirdness & Mutations

((You have sharp toenails.))
You have a somewhat thin skeletal structure. (Dex +2, Stealth)
A weak demonic guardian rushes to your aid.


Message History

Unknown command.
Unknown command.
* * * LOW HITPOINT WARNING * * *
You feel sick.
Unknown command.
Unknown command.
* * * LOW HITPOINT WARNING * * *
You feel sick. You block something's attack.
Unknown command.
Unknown command.
* * * LOW HITPOINT WARNING * * *
You feel sick.
Unknown command.
Okay, then.
* * * LOW HITPOINT WARNING * * *
You feel sick. Something hits you but does no damage.
You are more poisoned.
Unknown command.
Unknown command.
You die...

.#####.......
#............
#...........%
#............
#............
#............
#....{....... +.....#
#.. #...♣.# #.# #.....#
#.# ###.....## #.# ##
.........# #.# #.
#.........# #.# #.
#.........######.# #.
#.........+......######.
######....###...........
#....+.'...........


There were no monsters in sight!

Vanquished Creatures
  A scorpion (D:4)
  An iguana (D:4)
  A worker ant (D:3)
  3 gnolls
  5 adders
  An adder skeleton (D:4)
  2 worms
  A dart slug (D:3)
  3 leopard geckos
  12 orcs
  A bat (D:1)
  A giant cockroach (D:2)
  6 goblins
  11 hobgoblins
  3 jackals (D:3)
  3 kobolds
  A quokka (D:3)
  A ball python (D:3)
  5 frilled lizards
  7 rats
69 creatures vanquished.

Vanquished Creatures (collateral kills)
  2 ogres (D:3)
  A gnoll shaman (D:4)
  An iguana (D:4)
4 creatures vanquished.

Grand Total: 73 creatures vanquished

Notes
Turn   | Place    | Note
-------+----------+-------------------------------------------
     0 | D:1      | Peloso the Demonspawn Fighter began the quest for the Orb.
     0 | D:1      | Reached XP level 1. HP: 18/18 MP: 1/1
   287 | D:1      | Gained mutation: You have a somewhat thin skeletal
                  | structure. (Dex +2, Stealth) [demonic ancestry]
   287 | D:1      | Reached XP level 2. HP: 22/24 MP: 2/2
  1055 | D:2      | Found a stormy altar of Qazlal.
  1091 | D:2      | Gained mutation: A weak demonic guardian rushes to your
                  | aid. [demonic ancestry]
  1091 | D:2      | Reached XP level 3. HP: 29/29 MP: 3/3
  1179 | D:2      | Found a snail-covered altar of Cheibriados.
  1917 | D:3      | Gained mutation: You have sharp toenails. [demonic
                  | ancestry]
  1917 | D:3      | Reached XP level 4. HP: 13/35 MP: 4/4
  2635 | D:3      | Found a runed translucent gate.
  2636 | D:3      | Found a runed translucent gate.
  2636 | D:3      | Noticed Peloso's ghost (amateur DsFi)
  2637 | D:3      | Found a runed translucent gate.
  2646 | D:3      | Found a roughly hewn altar of Beogh.
  2978 | D:4      | Found a hazy altar of Hepliaklqana.
  2983 | D:4      | Reached XP level 5. HP: 42/42 MP: 5/5
  2984 | D:4      | Noticed an ogre
  2996 | D:4      | Noticed an ogre
  3007 | D:3      | Killed an ogre
  3007 | D:3      | Reached XP level 6. HP: 29/48 MP: 6/6
  3512 | D:4      | Noticed Sigmund
  3544 | D:4      | HP: 3/73 [poisoned by Sigmund]
  3546 | D:4      | Succumbed to Sigmund's poison

Levels and vault maps discovered:
D:1:      saegor_arrival_miasma, layout_basic, amethyst_killhole, minivault_26,
          columned_hall_lemuel
D:2:      layout_loops_ring, overflow_temple_1_default, first_ration,
          nicolae_qazlal_general_emergency
D:3:      layout_basic, biasface_ghost_orc_armoury, grunt_ministairs_13
D:4:      layout_basic, lemuel_crystal_altar, kennysheep_path_1, uniq_sigmund

Skill      XL: |  1  2  3  4  5  6 |
---------------+-------------------+-----
Long Blades    | 2 3 |  3.3
Armour         | 3 4 |  4.1
Shields        | 3 4 |  4.1
Fighting       | 4 |  4.3
Dodging        | |  0.1
Stealth        | |  0.2

Action                   |  1- 3 |  4- 6 || total
-------------------------+-------+-------++-------
Melee: Long sword        |   130 |   136 ||   266
  Use: Scroll            |     5 |     1 ||     6
       Potion            |       |     4 ||     4
  Eat: Chunk             |     3 |     6 ||     9
Armor: Scale mail        |    38 |       ||    38
       Plate armour      |    43 |    82 ||   125
       Skin              |       |     6 ||     6
Dodge: Dodged            |    21 |    24 ||    45
Block: Shield            |   111 |   112 ||   223
       Reflection        |     1 |     3 ||     4
       Rpst.: Long sword |     7 |    10 ||    17
